Map: Whitewater Line LE

Players

YEYBLACK - Winner!

  • Race: Protoss Protoss
  • Spawn Location: 1:00

AnUnAkI - Winner!

  • Race: Terran Terran
  • Spawn Location: 1:00

SAVAGEDEAD - Winner!

  • Race: Terran Terran
  • League: Gold
  • Spawn Location: 12:00

MattBarry

  • Race: Terran Terran
  • Spawn Location: 6:00

Alebay

  • Race: Protoss Protoss
  • Spawn Location: 7:00

MattBarry

  • Race: Zerg Zerg
  • Spawn Location: 7:00

VOD

Have the link to the VOD?

Description

Time

  • Played on: Dec. 25, 2022, 11:13 p.m.
  • Length: 14:30
Show
View Real Time Build Order
Export as new Build Order

YEYBLACK Protoss - Winner!

Build Orders: Carriers, Carrier Rush 

Get SALT Encoding   

  12  0:00  Probe (Chrono Boost)  
  13  0:10  Probe (Chrono Boost)  
  14  0:15  Probe (Chrono Boost)  
  15  0:23  Pylon  
  15  0:38  Assimilator  
  15  0:41  Probe  
  16  0:45  Gateway  
  16  0:53  Assimilator, Probe  
  17  1:05  Probe  
  18  1:11  Pylon  
  18  1:17  Probe  
  19  1:46  Nexus  
  19  1:57  Cybernetics Core  
  19  1:59  Probe (Chrono Boost)  
  21  2:09  Probe (Chrono Boost)  
  21  2:14  Probe (Chrono Boost)  
  21  2:21  Pylon  
  22  2:25  Probe  
  23  2:35  Stargate  
  23  2:38  Probe  
  24  2:50  Probe  
  25  2:57  Forge  
  25  3:02  Pylon, Probe  
  25  3:04  Probe  
  27  3:14  Probe  
  27  3:16  Probe  
  29  3:22  Protoss Air Weapons Level 1 (Chrono Boost)  
  29  3:36  Fleet Beacon  
  29  3:44  Probe x2  
  29  3:48  Assimilator  
  31  3:53  Assimilator  
  31  3:56  Probe x2  
  33  4:06  Stargate  
  33  4:08  Probe x2  
  35  4:20  Probe x2  
  43  4:32  Probe x2  
  43  4:33  Carrier (Chrono Boost)  
  45  4:44  Probe  
  46  4:50  Probe  
  46  4:51  Protoss Shields Level 1  
  47  4:56  Probe  
  48  5:00  Protoss Air Armor Level 1  
  48  5:02  Probe  
  49  5:08  Cybernetics Core  
  55  5:16  Carrier (Chrono Boost)  
  55  5:26  Twilight Council  
  55  5:31  Carrier (Chrono Boost)  
  61  6:15  Protoss Air Weapons Level 2  
  61  6:32  Pylon  
  61  6:34  Nexus  
  61  7:11  Carrier  
  67  7:45  Carrier  
  67  8:08  Probe  
  68  8:16  Assimilator  
  68  8:20  Assimilator, Probe  
  69  8:32  Probe, Nexus  
  70  8:34  Stargate  
  70  8:39  Stargate  
  70  8:43  Stargate  
  70  8:45  Stargate, Probe  
  70  8:46  Stargate  
  71  8:51  Pylon x2  
  71  8:57  Probe  
  71  9:01  Protoss Shields Level 2 (Chrono Boost)  
  71  9:02  Protoss Air Armor Level 2 (Chrono Boost)  
  72  9:04  Protoss Air Weapons Level 3 (Chrono Boost)  
  72  9:09  Probe  
  73  9:21  Probe  
  73  9:24  Carrier x2 (Chrono Boost)  
  74  9:28  Nexus  
  86  9:33  Probe  
  87  9:45  Probe  
  76  10:17  Nexus  
  76  10:22  Pylon  
  76  10:25  Pylon  
  82  10:28  Pylon, Carrier x3  
  82  10:29  Carrier  
  82  10:32  Pylon  
  100  10:45  Probe  
  100  10:47  Pylon  
  101  10:51  Pylon  
  101  10:52  Carrier  
  101  10:53  Pylon  
  101  10:55  Carrier  
  113  10:57  Probe  
  113  11:00  Assimilator  
  113  11:03  Pylon  
  114  11:04  Assimilator  
  114  11:07  Pylon  
  114  11:09  Probe  
  114  11:10  Pylon  
  115  11:21  Probe  
  116  11:30  Protoss Air Armor Level 3 (Chrono Boost)  
  116  11:33  Probe  
  99  11:58  Probe  
  100  12:03  Probe  
  101  12:10  Probe  
  102  12:16  Probe  
  102  12:19  Carrier x4  
  127  12:23  Probe  
  127  12:28  Probe  
  129  12:35  Probe  
  130  12:40  Probe  
  131  12:47  Probe  
  132  12:52  Probe  
  132  12:55  Carrier x3  
  151  13:02  Assimilator  
  151  13:06  Assimilator  
Show
View Real Time Build Order
Export as new Build Order

AnUnAkI Terran - Winner!

Build Orders:  

Get SALT Encoding   

  12  0:07  SCV  
  13  0:20  SCV  
  14  0:23  Supply Depot  
  14  0:32  Refinery  
  14  0:34  SCV  
  15  0:39  Refinery  
  15  0:46  SCV  
  16  0:56  Barracks  
  16  1:00  SCV  
  17  1:12  SCV  
  18  1:24  SCV  
  19  1:35  Barracks  
  19  1:36  SCV  
  20  1:43  Barracks Tech Lab  
  20  1:48  Supply Depot  
  20  1:53  SCV  
  21  2:05  SCV  
  22  2:16  Marauder  
  22  2:18  SCV  
  22  2:19  Concussive Shells  
  25  2:23  Barracks Tech Lab  
  25  2:30  SCV  
  26  2:37  Marauder  
  28  2:45  Engineering Bay  
  28  2:46  SCV  
  28  2:51  Marauder  
  31  3:20  Supply Depot  
  31  3:21  Terran Infantry Armor Level 1  
  31  3:29  Orbital Command  
  31  3:42  Marauder x2  
  35  3:57  Barracks  
  35  4:03  Marauder x2  
  39  4:12  Command Center  
  39  4:15  SCV  
  40  4:24  Marauder  
  40  4:28  Marauder  
  44  4:40  SCV  
  44  4:45  Barracks Tech Lab  
  45  4:48  Marauder  
  47  5:07  SCV, Marauder x2  
  47  5:10  Marauder  
  54  5:20  Terran Infantry Weapons Level 1  
  54  5:27  SCV x2  
  54  5:28  Engineering Bay  
  56  5:34  Marauder  
  58  5:39  SCV  
  59  5:55  Marauder  
  59  5:56  Marauder  
  63  5:57  Marauder  
  65  6:05  Refinery  
  65  6:06  SCV x2  
  65  6:08  Refinery  
  67  6:13  Supply Depot  
  67  6:18  SCV x2  
  65  6:30  SCV  
  50  6:42  Marauder x3  
  50  7:03  Marauder x3  
  56  7:19  Barracks  
  56  7:20  Barracks  
  56  7:24  Barracks  
  56  7:25  Factory, SCV x2, Marauder x3  
  58  7:46  Marauder x3  
  56  8:07  Marauder  
  56  8:09  Barracks Reactor x2  
  58  8:14  Barracks Reactor  
  58  8:17  Combat Shield  
  58  8:18  Stimpack  
  58  8:23  Armory  
  58  8:24  Hi-Sec Auto Tracking  
  58  8:38  Starport  
  58  8:46  Marine x7  
  65  8:53  Command Center  
  65  9:03  Marine x2  
  65  9:04  Marine x2  
  65  9:05  Marine, Marauder x2  
  65  9:08  Marine  
  75  9:10  Marine  
  76  9:18  Starport  
  76  9:20  Supply Depot  
  76  9:21  Marine  
  76  9:22  Starport Reactor, Marauder  
  79  9:48  Marine x4  
  79  9:49  Marine x4  
  79  9:50  Marauder  
  84  10:07  Marauder  
  84  10:08  Marauder  
  88  10:15  SCV x2  
  88  10:16  SCV  
  88  10:17  Marine x2  
  88  10:18  Marine x3  
  96  10:28  SCV x3  
  96  10:40  SCV x3  
  88  10:51  Starport Reactor  
  88  10:53  Terran Infantry Armor Level 2  
  88  11:01  Refinery  
  88  11:02  Refinery  
  88  11:04  SCV  
  88  11:05  SCV  
  88  11:08  Marine  
  88  11:09  Marine x5  
  88  11:10  Marine x3  
  100  11:15  Orbital Command  
  100  11:16  SCV  
  100  11:17  SCV  
  101  11:28  Marauder  
  98  11:54  Terran Infantry Weapons Level 2  
  61  12:10  Marine, Reaper  
  61  12:13  Marauder  
  61  12:14  Marauder x2  
  61  12:15  Marine x4  
  71  12:28  Marine  
  71  12:32  Marine  
  71  12:33  Marine x2  
  71  12:35  Marauder x3  
  78  12:50  Medivac x4  
  86  12:52  Marine x5  
  86  12:53  Marine  
  86  12:56  Marine x3  
  95  13:10  Marine x6  
  101  13:14  Marine x3  
  104  13:20  Medivac x3  
  110  13:27  Marine  
  110  13:28  Marine x5  
  110  13:29  Command Center  
  110  13:31  Marine  
  110  13:32  Marine x2  
  109  13:45  Marine x2  
  109  13:46  Marine x4  
  103  13:49  Marine x2  
  103  13:50  Marine  
  94  14:03  Marine x3  
  94  14:04  Marine x3  
  94  14:07  Marine x3  
Show
View Real Time Build Order
Export as new Build Order

SAVAGEDEAD Terran - Winner!

Build Orders: Mech 

Get SALT Encoding   

  12  0:00  SCV  
  13  0:12  SCV  
  14  0:24  SCV  
  14  0:28  Supply Depot  
  15  0:38  Refinery  
  15  0:49  SCV  
  16  0:50  Barracks  
  16  1:01  SCV  
  17  1:13  Barracks, SCV  
  18  1:26  SCV  
  19  1:36  Refinery  
  19  1:37  Supply Depot  
  19  1:38  SCV  
  19  1:39  Supply Depot  
  20  1:40  Barracks Reactor  
  20  1:42  Barracks Tech Lab  
  20  1:52  SCV  
  21  2:02  Barracks Reactor  
  21  2:05  SCV  
  21  2:06  Supply Depot  
  22  2:15  Barracks  
  22  2:18  SCV  
  23  2:30  SCV  
  23  2:34  Factory  
  24  2:42  Marine  
  24  2:43  SCV  
  26  2:53  Marine  
  26  2:54  Bunker  
  27  3:22  Command Center  
  27  3:24  Factory Tech Lab  
  27  3:29  Barracks Reactor  
  27  3:38  Barracks  
  27  3:41  Marine  
  29  3:50  Orbital Command  
  28  4:02  Starport  
  31  4:10  Siege Tank  
  31  4:16  Marine  
  32  4:19  Stimpack  
  32  4:23  Marine  
  33  4:29  Barracks Reactor  
  33  4:33  SCV  
  34  4:45  SCV, Siege Tank  
  35  4:50  SCV  
  39  4:57  SCV  
  40  5:00  Engineering Bay  
  40  5:02  SCV  
  40  5:03  Engineering Bay  
  40  5:06  Starport Reactor  
  41  5:12  SCV  
  42  5:15  SCV  
  43  5:21  Armory  
  43  5:24  SCV  
  43  5:27  Supply Depot  
  44  5:31  Supply Depot  
  44  5:41  Missile Turret  
  42  5:52  Marine x3  
  42  5:53  Siege Tank  
  42  5:56  Medivac x2  
  52  5:57  Marine x2  
  52  6:02  Missile Turret  
  54  6:07  Refinery  
  54  6:08  Refinery  
  54  6:28  Command Center  
  42  7:05  Marine  
  42  7:06  Marine x6  
  52  7:09  Thor  
  52  7:15  Factory  
  55  7:16  Factory, Terran Infantry Weapons Level 1  
  55  7:23  Marine x2  
  55  7:24  Marine  
  58  7:30  Marine x2  
  58  7:31  Marine x2  
  62  7:41  Marine  
  52  8:05  Marine x2  
  52  8:08  SCV x2  
  52  8:10  Marine x2  
  52  8:12  Factory Tech Lab x2  
  58  8:14  Medivac  
  58  8:16  Command Center  
  58  8:19  SCV  
  61  8:20  SCV  
  61  8:24  SCV  
  63  8:31  SCV  
  63  8:33  Marine x2  
  66  8:35  Marine  
  66  8:38  Terran Infantry Armor Level 1  
  68  8:41  SCV x2  
  68  8:44  SCV  
  70  9:19  SCV  
  70  9:20  SCV x2  
  70  9:23  Refinery  
  73  9:25  Missile Turret  
  73  9:26  Missile Turret x2  
  73  9:31  Sensor Tower x2  
  73  9:32  SCV x3  
  76  9:54  Marine x2  
  76  10:05  Marine x4  
  73  10:26  Marine x3  
  69  10:30  Siege Tank x3  
  72  10:36  SCV  
  68  10:47  Medivac x2  
  72  10:50  SCV x2  
  72  10:51  SCV x2  
  72  10:56  Refinery  
  76  11:02  Terran Infantry Armor Level 2, Terran Vehicle Weapons Level 1, SCV, Terran Infantry Weapons Level 2, Siege Tank x3  
  76  11:03  SCV x2  
  88  11:07  Armory  
  88  11:11  Supply Depot  
  88  11:12  Supply Depot  
  88  11:15  Refinery  
  88  11:17  Medivac  
  90  11:18  Refinery  
  90  11:21  Missile Turret, Planetary Fortress  
  90  11:26  Marine x5  
  90  11:27  Marine  
  90  11:28  SCV x2  
  98  11:35  Supply Depot  
  98  11:38  Supply Depot  
  98  11:39  Medivac  
  100  11:41  Missile Turret  
  100  11:46  Starport  
  100  11:47  Medivac  
  100  11:48  Starport  
  102  11:54  Siege Tank  
  102  11:55  Siege Tank  
  108  12:02  Missile Turret  
  108  12:09  Medivac  
  105  12:25  Marine x4  
  105  12:26  Marine  
  105  12:27  Marine x2  
  103  12:43  Marine x4  
  105  12:44  Marine x2  
  105  12:45  Marine, Thor x2  
  120  13:01  Marine x3, Reaper  
  120  13:02  Marine x2  
  120  13:03  Marine  
  127  13:09  Orbital Command x2  
  127  13:10  SCV x2  
  129  13:18  Marine  
  129  13:19  Marine  
  131  13:22  SCV x2  
  133  13:28  Starport Reactor x2  
  133  13:34  SCV x2  
  128  13:46  SCV x2  
  118  13:53  Marine  
  118  13:54  Marine x3  
  121  14:07  Marine  
  121  14:09  Marine x2  
  115  14:11  Marine x4  
Show
View Real Time Build Order
Export as new Build Order

MattBarry Terran 

Build Orders:  

Get SALT Encoding   

  12  0:00  SCV  
  13  0:12  SCV  
  14  0:18  Supply Depot  
  14  0:24  SCV  
  15  0:31  Refinery  
  15  0:39  SCV  
  16  0:46  Barracks  
  16  0:52  SCV  
  17  1:04  SCV  
  18  1:16  SCV  
  19  1:33  Orbital Command  
  19  1:34  Marine  
  19  1:35  Factory  
  20  1:41  Supply Depot  
  21  1:57  Barracks Reactor  
  21  1:59  SCV  
  21  2:13  SCV  
  22  2:21  Command Center  
  22  2:28  SCV  
  23  2:40  SCV, Refinery  
  23  2:41  Hellion x2  
  23  2:43  Barracks Tech Lab  
  28  2:48  Supply Depot  
  29  3:04  SCV  
  29  3:05  Hellion  
  31  3:10  Hellion  
  31  3:12  Supply Depot  
  35  3:27  Widow Mine  
  35  3:32  Widow Mine, SCV  
  38  3:37  Orbital Command  
  38  3:39  Factory  
  38  3:50  Armory  
  38  3:53  SCV  
  39  4:05  SCV  
  39  4:08  SCV  
  41  4:12  Widow Mine x2  
  45  4:17  SCV  
  45  4:20  SCV, Engineering Bay  
  47  4:29  SCV  
  48  4:38  Starport  
  48  4:40  SCV  
  48  4:41  SCV  
  50  4:49  Hellion x2  
  50  4:50  Hellion  
  50  4:52  SCV  
  57  4:53  SCV  
  57  4:54  Terran Vehicle Weapons Level 1  
  57  4:57  Missile Turret  
  58  5:00  Missile Turret  
  58  5:04  SCV  
  58  5:05  SCV  
  60  5:14  Supply Depot  
  60  5:15  Supply Depot  
  60  5:17  Supply Depot  
  60  5:18  Siege Tank  
  60  5:19  Hellion x2  
  67  5:22  Starport Reactor  
  67  5:23  Refinery  
  67  5:26  SCV, Refinery  
  68  5:28  SCV  
  69  5:41  Infernal Pre-Igniter  
  63  5:59  Hellion, Siege Tank  
  63  6:00  Hellion  
  70  6:12  SCV x2  
  72  6:21  Viking x2  
  72  6:24  SCV x2  
  60  6:51  Viking x2  
  57  7:11  Thor  
  57  7:13  Hellion x2  
  63  7:34  SCV x2  
  52  7:46  SCV  
  52  7:49  Starport  
  55  7:59  Thor  
  55  8:00  SCV x2  
  58  8:11  Command Center  
  58  8:12  SCV x2  
  60  8:19  Missile Turret x2  
  60  8:20  Missile Turret  
  60  8:24  SCV x2  
  60  8:25  Hellion x2  
  72  8:27  Viking x2  
  70  8:36  SCV x2  
  72  8:42  Thor  
  78  8:48  SCV x2  
  80  8:59  Viking x2  
  80  9:00  SCV x2  
  86  9:07  Supply Depot  
  86  9:08  Supply Depot x2  
  86  9:09  Terran Vehicle And Ship Armor Level 1  
  86  9:19  SCV x2  
  88  9:24  Thor  
  88  9:29  Viking x2  
  88  9:31  SCV x2  
  74  10:38  Thor  
  53  10:53  Viking x2  
  57  11:04  Missile Turret  
  57  11:05  Missile Turret  
  57  11:06  Missile Turret  
  57  11:20  Thor  
  57  11:21  Hellion x2  
  57  11:23  Viking x2  
  71  11:28  Terran Vehicle Weapons Level 2  
  71  11:45  Orbital Command  
  72  11:47  SCV x2  
  73  11:56  Hellion x2  
  77  12:04  Supply Depot  
  77  12:07  Supply Depot x2  
  77  12:10  Viking, Thor  
  85  12:19  Refinery  
  85  12:21  Refinery  
  85  12:26  Viking, SCV x3  
  85  12:28  Supply Depot x2  
  90  12:33  Supply Depot  
  90  12:38  SCV x3  
  93  12:46  Hellion  
  93  12:47  Hellion  
  93  12:50  SCV  
  98  12:52  Factory  
  98  12:53  Thor, Factory  
  105  12:58  SCV x2  
  105  13:02  SCV  
  105  13:09  Hellion x2  
  105  13:10  SCV x2  
  111  13:16  SCV  
  111  13:22  SCV x2  
  98  13:28  SCV  
  71  14:03  SCV x2  
  47  14:15  SCV  
Show
View Real Time Build Order
Export as new Build Order

Alebay Protoss 

Build Orders:  

Get SALT Encoding   

  12  0:02  Probe  
  13  0:14  Probe  
  14  0:18  Pylon  
  14  0:26  Probe  
  15  0:29  Assimilator  
  15  0:38  Probe  
  16  0:50  Probe  
  17  1:02  Probe  
  18  1:04  Pylon  
  18  1:14  Probe  
  19  1:26  Probe  
  20  1:35  Assimilator  
  20  1:38  Probe  
  20  1:39  Nexus  
  21  1:43  Pylon  
  21  1:50  Assimilator  
  21  1:57  Probe  
  22  2:08  Gateway  
  22  2:09  Probe  
  23  2:21  Probe  
  24  2:32  Forge  
  24  2:46  Probe  
  25  2:52  Probe  
  26  2:58  Probe  
  26  3:04  Probe  
  26  3:05  Cybernetics Core  
  28  3:10  Probe  
  29  3:16  Probe  
  29  3:17  Protoss Ground Weapons Level 1  
  30  3:22  Probe  
  31  3:28  Probe  
  32  3:35  Probe  
  32  3:40  Probe  
  34  3:42  Warp Gate  
  34  3:45  Stalker  
  34  3:47  Probe  
  37  3:52  Probe  
  38  3:59  Probe  
  38  4:01  Gateway  
  39  4:03  Gateway  
  39  4:04  Probe  
  40  4:15  Stalker  
  42  4:26  Probe  
  42  4:30  Probe  
  44  4:33  Assimilator  
  44  4:39  Probe  
  44  4:42  Pylon, Probe  
  44  4:45  Stalker  
  48  4:50  Photon Cannon  
  48  4:51  Probe  
  49  4:54  Stalker x2  
  53  5:10  Twilight Council  
  53  5:14  Stalker  
  55  5:24  Stalker x2  
  55  5:26  Protoss Ground Armor Level 1  
  55  5:27  Gateway  
  59  5:30  Gateway  
  59  5:32  Gateway  
  59  5:37  Probe  
  60  5:44  Stalker  
  62  6:08  Pylon  
  62  6:11  Pylon  
  62  6:13  Pylon  
  62  6:17  Pylon  
  62  6:26  Stalker x3  
  50  6:56  Stalker x6  
  62  7:26  Stalker x6  
  74  7:36  Protoss Ground Weapons Level 2  
  64  7:56  Stalker x3  
  64  7:58  Stalker x3  
  74  8:21  Blink  
  74  8:26  Stalker x3  
  74  8:27  Stalker  
  82  8:45  Stalker  
  82  8:46  Stalker  
  86  9:11  Stalker x2  
  86  9:12  Stalker x2  
  94  9:24  Pylon  
  94  9:27  Pylon  
  94  9:32  Pylon  
  94  9:35  Pylon  
  94  9:40  Pylon  
  80  10:10  Protoss Ground Armor Level 2  
  78  10:14  Stalker x3  
  78  10:15  Stalker x3  
  90  10:54  Stalker x5  
  90  10:55  Stalker  
  102  11:03  Pylon  
  102  11:05  Pylon  
  102  11:14  Pylon  
  102  11:17  Pylon  
  102  11:29  Stalker  
  102  11:30  Stalker x5  
  114  11:36  Pylon  
  112  12:10  Stalker x5  
  112  12:11  Stalker  
  52  12:41  Stalker x3  
  52  12:42  Stalker x3  
  64  13:10  Gateway  
  64  13:14  Gateway, Stalker  
  64  13:15  Stalker x5  
  48  14:01  Stalker x2  
  48  14:02  Stalker x4  
Show
View Real Time Build Order
Export as new Build Order

MattBarry Zerg 

Build Orders: Hatch First 

Get SALT Encoding   

  12  0:00  Drone  
  13  0:13  Overlord  
  13  0:19  Drone  
  14  0:31  Drone x2  
  16  1:07  Hatchery  
  15  1:11  Spawning Pool  
  14  1:27  Overlord  
  14  1:28  Drone x2  
  14  1:32  Extractor  
  15  1:44  Drone  
  16  1:50  Drone  
  17  2:05  Queen  
  19  2:08  Drone  
  20  2:38  Drone  
  20  2:39  Drone x3  
  20  2:40  Drone  
  20  2:42  Metabolic Boost  
  25  3:04  Drone x3  
  28  3:06  Drone  
  28  3:07  Drone  
  28  3:11  Queen  
  32  3:13  Queen  
  34  3:23  Drone  
  34  3:24  Extractor, Drone  
  34  3:25  Overlord  
  35  3:32  Zergling x2  
  36  3:47  Hatchery  
  35  4:23  Queen  
  37  4:42  Lair, Hatchery  
  36  4:49  Roach Warren  
  36  4:52  Evolution Chamber x2  
  34  5:01  Zergling x2  
  34  5:02  Zergling x4  
  37  5:13  Pneumatized Carapace  
  35  5:21  Drone x5  
  37  5:22  Drone x6  
  37  5:23  Drone x3  
  49  5:52  Overlord x2  
  49  5:56  Overlord  
  50  6:11  Zergling x2  
  50  6:12  Zergling x18  
  50  6:13  Zerg Melee Weapons Level 1  
  50  6:15  Zerg Ground Armor Level 1  
  56  6:26  Spire  
  56  6:30  Spore Crawler  
  54  6:34  Spore Crawler  
  52  6:42  Zergling x4  
  52  6:43  Zergling x20  
  59  7:14  Queen  
  55  7:37  Corruptor x7  
  69  7:50  Queen  
  69  7:53  Roach  
  69  7:54  Zergling x4  
  67  8:03  Drone x2  
  67  8:04  Drone x3, Overlord x3  
  72  8:16  Extractor  
  72  8:19  Queen  
  71  8:20  Extractor  
  71  8:25  Overlord x2  
  72  8:28  Overlord  
  72  8:30  Zergling x8  
  76  8:39  Infestation Pit, Zerg Flyer Armor Level 1  
  75  9:20  Zergling x24  
  65  9:48  Zergling x2  
  65  9:49  Zergling x18  
  63  10:07  Zergling x8  
  59  10:23  Zergling x2  
  54  10:48  Zergling x18  
  63  11:03  Hive  
  63  11:04  Zergling x8, Overlord  
  67  11:11  Zergling x2  
  67  11:12  Zergling x40  
  67  11:13  Zergling x6  
  73  11:42  Corruptor x3  
  67  12:00  Drone x4  
  67  12:01  Drone x12  
  61  12:02  Drone x4  
  76  12:29  Corruptor  
  78  12:31  Hatchery  
  78  12:32  Zergling x4  
  78  12:33  Zergling x2  
  76  13:07  Corruptor  
  76  13:08  Corruptor x5  
  88  13:15  Queen  
  86  13:42  Zergling x2  
  86  13:43  Zergling x18  
  94  13:49  Zergling x2  
  94  13:50  Zergling x14  
  96  13:57  Corruptor  
  98  14:03  Overlord  
  98  14:04  Overlord  
Tags
 
Add a new tag
Caveats
  • Supply blocks, unpowered buildings, or Contaminate may cause inaccurate times.
  • Supply counts are checked every 10 seconds.